 Dungeon Crawl Stone Soup version 0.23-a0-416-g33f1def (webtiles) character file.

79 JeffiDaFish the Grave Robber (level 4, -2/24 HPs)
             Began as a Deep Elf Necromancer on Nov 9, 2018.
             Slain by Grinder (5 damage)
             ... on level 3 of the Dungeon.
             The game lasted 00:05:07 (2634 turns).

JeffiDaFish the Grave Robber (Deep Elf Necromancer) Turns: 2634, Time: 00:05:07

Health: -2/24      AC:  4    Str:  5    XL:     4   Next: 17%
Magic:  12/12      EV: 13    Int: 21    God:
Gold:   168        SH:  0    Dex: 15    Spells: 7/11 levels left

rFire    . . .     SeeInvis .   e - +2 dagger (holy)
rCold    . . .     Gourm    .   (no shield)
rNeg     . . .     Faith    .   a - +0 robe
rPois    .         Spirit   .   (no helmet)
rElec    .         Reflect  .   (no cloak)
rCorr    .         Harm     .   d - +0 pair of gloves
MR       .....                  b - +0 pair of boots
Stlth    ++........             l - amulet of regeneration
HPRegen  0.48/turn              (no ring)
MPRegen  0.13/turn              (no ring)

@: berserk cooldown, slowed, very slow
A: no striking features
a: no special abilities


You were on level 3 of the Dungeon.
You were not hungry.

You visited 1 branch of the dungeon, and saw 3 of its levels.

You collected 168 gold pieces.

Inventory:

Hand Weapons
 e - a +2 dagger of holy wrath (weapon)
Armour
 a - a +0 robe (worn)
 b - a +0 pair of boots (worn)
 d - a +0 pair of gloves (worn)
Jewellery
 f - an uncursed amulet of guardian spirit {unknown}
 l - an amulet of regeneration (around neck)
Scrolls
 h - a scroll of remove curse
Potions
 g - a potion of haste
Comestibles
 c - 7 rations
 i - 4 chunks of flesh


   Skills:
 + Level 3.3 Dodging
 - Level 2.4 Stealth
 + Level 4.0 Spellcasting
 * Level 6.0 Necromancy


You had 7 spell levels left.
You knew the following spells:

 Your Spells              Type           Power        Failure   Level  Hunger
a - Pain                  Necr           ####         1%          1    None
b - Vampiric Draining     Necr           ####......   3%          3    ###....

Your spell library contained the following spells:

 Spells                   Type           Power        Failure   Level  Hunger
 Animate Skeleton         Necr           N/A          1%          1    None
 Animate Dead             Necr           N/A          10%         4    ####...
 Regeneration             Chrm/Necr      ###.......   11%         3    ###....


Dungeon Overview and Level Annotations

Branches:
Dungeon (3/15)

Altars:

Annotations:
D:3 Grinder


Message History

Grinder hits you.
You writhe in agony.
Grinder hits you.
Grinder says, "Wait up."
Grinder blinks!
You can move again.
You are no longer berserk.
You are exhausted.
You feel yourself slow down.
Unknown command.
Unknown command.
Grinder gestures at you.
You shrug off the repeated paralysis!
You closely miss Grinder. Grinder closely misses you. Grinder hits you!
You writhe in agony.
* * * LOW HITPOINT WARNING * * *
You barely miss Grinder. Grinder hits you but does no damage.
You hit Grinder but do no damage. Grinder barely misses you. Grinder hits you.
* * * LOW HITPOINT WARNING * * *
You writhe in agony.
You die...

#####################
รท..........#........#
##########....!.....##
####
###.........#####....
#..............(.
#........####!..
#........# ..#
#....5...###.######
#....@............#
#...[....###.####..
#........# .#
########..#### ..
#...<...<.# #..
#.........# ##.
#...^.....# .h
#.........# #.
##....###.#


You could see Grinder.

Vanquished Creatures
  2 adders (D:2)
  An ooze (D:2)
  2 worms
  A leopard gecko (D:2)
  5 giant cockroaches
  9 goblins
  6 hobgoblins
  3 jackals (D:3)
  2 quokkas (D:2)
  3 ball pythons
  8 bats
  A frilled lizard (D:1)
  2 kobolds
  5 rats
50 creatures vanquished.

Notes
Turn   | Place    | Note
-------+----------+-------------------------------------------
     0 | D:1      | JeffiDaFish the Deep Elf Necromancer began the quest for
                  | the Orb.
     0 | D:1      | Reached XP level 1. HP: 10/10 MP: 6/6
   196 | D:1      | Reached skill level 5 in Necromancy
   398 | D:1      | Reached XP level 2. HP: 12/15 MP: 5/8
  1109 | D:2      | Reached XP level 3. HP: 11/19 MP: 3/10
  1162 | D:2      | Learned a level 3 spell: Vampiric Draining
  2291 | D:3      | Reached XP level 4. HP: 23/24 MP: 9/11
  2531 | D:3      | Reached skill level 6 in Necromancy
  2610 | D:3      | Noticed Grinder
  2622 | D:3      | Paralysed by Grinder for 6 turns
  2634 | D:3      | Slain by Grinder

Vault maps used:
D:1:      matt_arrival_refuge
D:3:      dancing_weapons_uskayaw, uniq_sigmund, uniq_grinder

Skill      XL: |  1  2  3  4 |
---------------+-------------+-----
Necromancy     | 5 6 |  6.0
Dodging        | 3 |  3.3
Spellcasting   | 4 |  4.0
Stealth        | |  2.4

Action                   |  1- 3 |  4- 6 || total
-------------------------+-------+-------++-------
Melee: Dagger            |    39 |    16 ||    55
 Cast: Pain              |    62 |    11 ||    73
       Vampiric Draining |       |     2 ||     2
  Use: Potion            |     4 |     4 ||     8
       Scroll            |     6 |     2 ||     8
 Stab: Sleeping          |     1 |     1 ||     2
  Eat: Chunk             |     4 |     1 ||     5
Armor: Robe              |    23 |     9 ||    32
Dodge: Dodged            |    35 |    31 ||    66

Table legend:
 A = Non-vault XP
 B = Vault XP
 C = Vault XP percentage of total XP
 D = Non-vault monster count
 E = Vault monster count
 F = Vault count percentage of total count
                 A         B        C        D         E       F
            +---------+---------+-------+---------+---------+-------
      Total |     114 |       0 |   0.0 |      50 |       0 |   0.0
            +---------+---------+-------+---------+---------+-------
        D:1 |      23 |       0 |   0.0 |      17 |       0 |   0.0
        D:2 |      72 |       0 |   0.0 |      23 |       0 |   0.0
        D:3 |      19 |       0 |   0.0 |      10 |       0 |   0.0
            +---------+---------+-------+---------+---------+-------
